 Dungeon Crawl Stone Soup version 0.22-a0-362-g535178c (webtiles) character file.

46 Amnesiac the Grave Robber (level 3, -4/26 HPs)
             Began as a Mummy Necromancer on Apr 19, 2018.
             Slain by an ogre
             ... wielding a +0 giant spiked club
              (30 damage)
             ... on level 4 of the Dungeon.
             The game lasted 00:01:21 (795 turns).

Amnesiac the Grave Robber (Mummy Necromancer)        Turns: 795, Time: 00:01:23

Health: -4/26      AC:  2    Str: 11    XL:     3   Next: 46%
Magic:  7/7        EV: 12    Int: 15    God:
Gold:   46         SH:  0    Dex: 12    Spells: 4/8 levels left

rFire    x . .     SeeInvis .   c - +0 hunting sling
rCold    + . .     Gourm    .   (no shield)
rNeg     + + +     Faith    .   a - +0 robe
rPois    ∞         Spirit   .   (no helmet)
rElec    .         Reflect  .   (no cloak)
rCorr    .         Harm     .   (no gloves)
MR       .....                  (no boots)
Stlth    ++........             (no amulet)
HPRegen  0.08/turn              (no ring)
MPRegen  0.10/turn              (no ring)

@: no status effects
A: no food or potions, fire vulnerability, cold resistance 1, negative energy
resistance 3, torment resistance, unbreathing
a: no special abilities


You were on level 4 of the Dungeon.
You were not hungry.

You visited 1 branch of the dungeon, and saw 4 of its levels.

You collected 46 gold pieces.

Inventory:

Hand Weapons
 c - a +0 hunting sling (weapon)
Missiles
 b - 28 stones
 e - 4 sling bullets (quivered)
Armour
 a - a +0 robe (worn)
Scrolls
 d - a scroll of teleportation {!r, unknown}
 f - a scroll of blinking {!r, unknown}


   Skills:
 + Level 1.3 Fighting
 * Level 2.5 Dodging
 - Level 1.5 Stealth
 - Level 3.0 Spellcasting
 + Level 4.2 Necromancy


You had 4 spell levels left.
You knew the following spells:

 Your Spells              Type           Power        Failure   Level  Hunger
a - Pain                  Necr           ##..         3%          1    N/A
d - Vampiric Draining     Necr           ##........   11%         3    N/A

Dungeon Overview and Level Annotations

Branches:
Dungeon (4/15)
 Temple: D:4-7

Altars:


Innate Abilities, Weirdness & Mutations

You do not eat or drink.
Your flesh is vulnerable to fire.
You are immune to poison.
Your flesh is cold resistant. (rC+)
You are immune to negative energy. (rN+++)
You are immune to unholy pain and torment.
You can survive without breathing.


Message History

No target in view!
No target in view!
A frilled lizard comes into view.
The frilled lizard hisses angrily.
The frilled lizard moves out of view.
A bat comes into view.
A bat is nearby!
Firing (i - inventory. (/) - cycle)
e - 9 sling bullets (quivered)
Press: ? - help, Shift-Dir - straight line, f - bat
Aim: a bat You shoot a sling bullet.
The sling bullet hits the bat.
You kill the bat!
Firing (i - inventory. (/) - cycle)
e - 8 sling bullets (quivered)
Press: ? - help, Shift-Dir - straight line, f - frilled lizard
Aim: a frilled lizard You shoot a sling bullet.
The sling bullet hits the frilled lizard.
You kill the frilled lizard!
No target in view!
No target in view!
No target in view!
No target in view!
e - 8 sling bullets (gained 1)
You now have 46 gold pieces (gained 7).
Found a stone staircase leading down.
A rat comes into view.
Firing (i - inventory. (/) - cycle)
e - 8 sling bullets (quivered)
Press: ? - help, Shift-Dir - straight line, f - rat
Aim: a rat (resting)
You shoot a sling bullet. The sling bullet hits the rat.
You kill the rat!
No target in view!
No target in view!
e - 8 sling bullets (gained 1)
There is a stone staircase leading down here.
You climb downwards.
An ogre comes into view. It is wielding a giant spiked club.
Found 15 gold pieces.
There is a stone staircase leading up here.
The ogre shouts!
Firing (i - inventory. (/) - cycle)
e - 8 sling bullets (quivered)
Press: ? - help, Shift-Dir - straight line, f - ogre
Aim: an ogre, wielding a giant spiked club You shoot a sling bullet.
The sling bullet hits the ogre.
The ogre is moderately wounded.
Firing (i - inventory. (/) - cycle)
e - 7 sling bullets (quivered)
Press: ? - help, Shift-Dir - straight line, f/p - ogre
Aim: an ogre, wielding a giant spiked club (moderately wounded)
You shoot a sling bullet. The sling bullet hits the ogre.
The ogre is moderately wounded.
Firing (i - inventory. (/) - cycle)
e - 6 sling bullets (quivered)
Press: ? - help, Shift-Dir - straight line, f/p - ogre
Aim: an ogre, wielding a giant spiked club (moderately wounded)
You shoot a sling bullet.
The sling bullet barely misses the ogre.
Firing (i - inventory. (/) - cycle)
e - 5 sling bullets (quivered)
Press: ? - help, Shift-Dir - straight line, f/p - ogre
Aim: an ogre, wielding a giant spiked club (moderately wounded)
You shoot a sling bullet.
The sling bullet hits the ogre but does no damage.
The ogre is moderately wounded.
The ogre hits you with a giant spiked club!!
Ouch! That really hurt!
You die...

.# .# $#
.# .#
########.
........#
##@##
#.O.#
#.....#
#......#
#..(....#
##.(.#.#.#
#####.##.#
.. .. ..


You could see an ogre.

Vanquished Creatures
  2 adders (D:2)
  5 orcs (D:3)
  A giant cockroach (D:2)
  3 goblins
  3 jackals (D:2)
  2 kobolds (D:2)
  A ball python (D:3)
  2 bats
  A frilled lizard (D:3)
  4 rats
24 creatures vanquished.

Notes
Turn   | Place    | Note
-------+----------+-------------------------------------------
     0 | D:1      | Amnesiac the Mummy Necromancer began the quest for the Orb.
     0 | D:1      | Reached XP level 1. HP: 13/13 MP: 4/4
   193 | D:2      | Reached XP level 2. HP: 8/20 MP: 0/6
   481 | D:2      | Reached skill level 1 in Fighting
   503 | D:2      | Reached XP level 3. HP: 25/26 MP: 7/7
   509 | D:2      | Learned a level 3 spell: Vampiric Draining
   790 | D:4      | Noticed an ogre
   795 | D:4      | Slain by an ogre

Vault maps used:
D:1:      elethiomel_arrival_quiet
D:2:      lemuel_zombie_altar_kikubaaqudgha, fedhas_altar_fruit_tree,
          overflow_temple_1_default, first_ration
D:3:      gammafunk_wand_slinger, minmay_tree_intersection
D:4:      grunt_temple_overflow_lords_of_destruction, kennysheep_generic_room_7,
          uniq_pikel, uniq_robin, uniq_ijyb, uniq_edmund

Skill      XL: |  1  2 |
---------------+-------+-----
Dodging        | 2 |  2.5
Spellcasting   | 3 |  3.0
Fighting       | 1 |  1.3
Stealth        | |  1.5
Necromancy     | |  4.2

Action                   || total
-------------------------++-------
 Fire: Hunting sling     ||    56
 Cast: Pain              ||     6
Armor: Robe              ||     4
Dodge: Dodged            ||    17

Table legend:
 A = Spawn XP
 B = Non-spawn XP
 C = Spawn XP percentage of total XP
 D = Spawn monster count
 E = Non-spawn monster count
 F = Spawn count percentage of total count
 G = Total turns spent on level
                    A         B        C        D         E        F      G
               +---------+---------+-------+---------+---------+-------+---------
         Total |       0 |      67 |   0.0 |       0 |      24 |   0.0 |   795
               +---------+---------+-------+---------+---------+-------+---------
           D:1 |       0 |       3 |   0.0 |       0 |       2 |   0.0 |   138
           D:2 |       0 |      41 |   0.0 |       0 |      10 |   0.0 |   426
           D:3 |       0 |      23 |   0.0 |       0 |      12 |   0.0 |   226
               +---------+---------+-------+---------+---------+-------+---------
